 Dungeon Crawl Stone Soup version 0.20.1-1-g8b1a95d (webtiles) character file.

121 Cral the Firebug (level 4, 0/24 HPs)
             Began as a Deep Elf Fire Elementalist on July 3, 2017.
             Slain by a goblin
             ... wielding a +0 dagger
             ... led by Robin
              (1 damage)
             ... on level 2 of the Dungeon.
             The game lasted 00:03:18 (1620 turns).

Cral the Firebug (Deep Elf Fire Elementalist)       Turns: 1620, Time: 00:03:19

Health: 0/24       AC:  2    Str:  5    XL:     4   Next: 76%
Magic:  3/10       EV: 13    Int: 21    God:
Gold:   141        SH:  0    Dex: 15    Spells: 1/9 levels left

rFire    . . .     SeeInvis .   k - +1 whip (freeze)
rCold    . . .     Gourm    .   (no shield)
rNeg     . . .     Faith    .   a - +0 robe
rPois    .         Spirit   .   (no helmet)
rElec    .         Reflect  .   (no cloak)
rCorr    .         Harm     .   (no gloves)
MR       .....                  (no boots)
Stlth    ++........             (no amulet)
Regen    0.1/turn               (no ring)
MPRegen  0.2/turn               (no ring)

@: slowed, very slow
A: no striking features
a: no special abilities


You were on level 2 of the Dungeon.
You were hungry.

You visited 1 branch of the dungeon, and saw 2 of its levels.

You collected 141 gold pieces.

Inventory:

Hand Weapons
 k - a +1 whip of freezing (weapon)
Armour
 a - a +0 robe (worn)
Jewellery
 i - an uncursed ring of wizardry {unknown}
Scrolls
 e - 2 scrolls of identify {unknown}
 g - 3 scrolls of remove curse {unknown}
 j - a scroll of teleportation {unknown}
Potions
 d - a potion of heal wounds {unknown}
 f - a potion of haste {unknown}
 h - 2 potions of cancellation {unknown}
Books
 b - a book of Flames

   Spells                             Type                      Level
   a - Flame Tongue                   Conjuration/Fire             1
   b - Throw Flame                    Conjuration/Fire             2
   c - Conjure Flame                  Conjuration/Fire             3
   d - Inner Flame                    Hexes/Fire                   3
   e - Sticky Flame                   Conjuration/Fire             4
   f - Fireball                       Conjuration/Fire             5
Comestibles
 c - 3 bread rations


   Skills:
 - Level 2.6 Dodging
 - Level 2.4 Stealth
 - Level 3.0 Spellcasting
 - Level 1.2 Conjurations
 + Level 5.9 Fire Magic


You had one spell level left.
You knew the following spells:

 Your Spells              Type           Power        Failure   Level  Hunger
a - Flame Tongue          Conj/Fire      ###..        3%          1    None
b - Conjure Flame         Conj/Fire      ###.....     9%          3    ###....
c - Sticky Flame          Conj/Fire      ###.....     30%         4    ####...


Dungeon Overview and Level Annotations

Branches:
Dungeon (2/15)

Altars:


Message History

Confirm with . or Enter, or press ? or * to list all spells.
Aiming: Flame Tongue
Press: ? - help, Shift-Dir - straight line, f/p - Natasha
Aim: Natasha (heavily wounded)
The flame tongue hits Natasha.
You kill Natasha!
Natasha growls in agony!
The white imp disappears in a puff of smoke!
The shadow imp disappears in a puff of smoke!
The goblin closely misses you. The goblin closely misses you.
The goblin closely misses you. The goblin hits you but does no damage.
You closely miss the goblin. The goblin hits you but does no damage.
The goblin hits you.
* * * LOW HITPOINT WARNING * * *
The goblin barely misses you. x2
The goblin barely misses you. The goblin hits you with a dagger.
You die...

#.###.# #.# ####.....##
#.# #.........# #.#
#.#######.##### #.# #.#
#####.#...###.#######
#.###.........#..........
#.........#g..#.#.#######
#####.######g##....## #.#
#@##.....# #.# #.##....##
#.# #.##.#.## #[#
#....#.# ##..# #.#
######.# #...# #.## #+#
...# #..## ..# #...# #(#
##..## ##..


You could see 2 goblins.

Vanquished Creatures
  Natasha (D:2)
  Robin (D:2)
  2 adders (D:2)
  An ooze (D:2)
  2 dart slugs
  3 leopard geckos
  A giant cockroach (D:1)
  13 goblins
  9 hobgoblins
  4 jackals (D:2)
  8 bats
  7 frilled lizards
  2 kobolds (D:1)
  2 rats (D:2)
56 creatures vanquished.

Notes
Turn   | Place    | Note
-------+----------+-------------------------------------------
     0 | D:1      | Cral the Deep Elf Fire Elementalist began the quest for the Orb.
     0 | D:1      | Reached XP level 1. HP: 10/10 MP: 6/6
   125 | D:1      | Reached XP level 2. HP: 15/15 MP: 2/8
   330 | D:1      | Reached skill level 4 in Fire Magic
   776 | D:2      | Reached XP level 3. HP: 19/19 MP: 7/9
   902 | D:2      | Reached skill level 5 in Fire Magic
  1350 | D:2      | Reached XP level 4. HP: 24/24 MP: 8/10
  1355 | D:2      | Learned a level 3 spell: Conjure Flame
  1360 | D:2      | Learned a level 4 spell: Sticky Flame
  1526 | D:2      | Noticed Robin
  1586 | D:2      | Killed Robin
  1596 | D:2      | Noticed Natasha
  1609 | D:2      | Killed Natasha
  1617 | D:2      | HP: 1/24 [goblin[Robin] (3)]
  1620 | D:2      | Slain by a goblin

Skill      XL: |  1  2  3 |
---------------+----------+-----
Fire Magic     | 4 5 |  5.9
Dodging        | |  2.6
Stealth        | |  2.4
Spellcasting   | |  3.0
Conjurations   | |  1.2

Action                   |  1- 3 |  4- 6 || total
-------------------------+-------+-------++-------
Melee: Unarmed           |     4 |       ||     4
       Whip              |       |     1 ||     1
 Cast: Flame Tongue      |    72 |    27 ||    99
  Eat: Chunk             |     1 |       ||     1
Armor: Robe              |     2 |     2 ||     4
Dodge: Dodged            |    32 |    16 ||    48
